Map: Tokamak LE

Players

Remarcable (uThermal)

  • Race: Protoss Protoss
  • League: Grandmaster
  • Spawn Location: 7:00

STZsOs (sOs) - Winner!

  • Race: Protoss Protoss
  • League: Master
  • Spawn Location: 1:00

Event: HomeStory Cup XXVII

VOD

Have the link to the VOD?

Description

Time

  • Played on: June 29, 2025, 7:10 a.m.
  • Length: 18:38

All games in this series

Show
View Real Time Build Order
Export as new Build Order

Remarcable Protoss 

Build Orders: 1 Gate Expand 

Get SALT Encoding   

  12  0:00  Probe  
  13  0:12  Probe  
  14  0:17  Pylon  
  14  0:24  Probe  
  15  0:36  Probe  
  15  0:37  Gateway  
  16  0:48  Probe  
  17  1:09  Nexus  
  17  1:14  Assimilator  
  18  1:18  Probe  
  18  1:29  Cybernetics Core  
  18  1:32  Probe  
  19  1:37  Warp Gate  
  19  1:44  Probe  
  20  1:53  Probe  
  20  1:57  Pylon, Assimilator  
  21  2:05  Adept  
  23  2:13  Probe  
  24  2:22  Probe  
  25  2:25  Gateway  
  26  2:34  Gateway, Probe  
  26  2:46  Gateway  
  26  2:51  Probe x2  
  28  3:00  Shield Battery  
  27  3:13  Probe  
  27  3:14  Probe  
  28  3:29  Stalker x3  
  34  3:39  Probe x2  
  36  3:41  Stalker  
  36  3:48  Pylon  
  38  3:54  Stalker  
  40  3:55  Sentry  
  40  4:00  Stalker  
  44  4:04  Probe  
  44  4:05  Probe  
  37  4:19  Probe x2  
  38  4:30  Twilight Council  
  39  4:31  Probe  
  39  4:36  Probe  
  40  4:40  Stalker  
  40  4:43  Probe  
  43  4:49  Probe  
  43  4:50  Blink  
  44  4:57  Probe  
  44  4:59  Stalker  
  47  5:08  Stalker  
  47  5:09  Probe x2  
  51  5:24  Pylon  
  51  5:30  Stalker  
  53  5:39  Shield Battery  
  53  5:41  Probe x2  
  53  5:42  Phoenix  
  49  5:53  Probe x2  
  51  6:02  Stalker  
  53  6:05  Probe  
  53  6:06  Probe, Stalker  
  57  6:12  Pylon  
  57  6:17  Probe  
  57  6:20  Stalker  
  57  6:21  Probe  
  60  6:32  Robotics Facility  
  60  6:44  Stalker x2  
  60  6:46  Probe x2  
  65  6:59  Sentry  
  65  7:02  Pylon  
  65  7:09  Pylon, Sentry  
  65  7:15  Sentry  
  67  7:19  Observer  
  66  7:23  Pylon  
  66  7:26  Probe x2  
  67  7:38  Probe x2  
  67  7:46  Observer  
  67  7:50  Probe  
  67  7:51  Probe  
  70  8:03  Probe x2  
  72  8:06  Cybernetics Core  
  72  8:15  Probe x2  
  72  8:16  Observer  
  75  8:23  Nexus  
  75  8:27  Probe x2  
  75  8:31  Assimilator  
  77  8:34  Assimilator  
  77  8:39  Probe x2  
  79  8:47  Forge  
  79  8:48  Stalker x2  
  79  8:51  Probe x2  
  85  9:01  Stalker x2  
  89  9:03  Probe  
  89  9:07  Pylon  
  90  9:19  Stalker x2  
  90  9:21  Pylon  
  94  9:25  Pylon, Probe  
  95  9:35  Probe x2  
  97  9:41  Stalker  
  97  9:42  Stalker  
  97  9:44  Probe  
  102  9:46  Stalker  
  102  9:57  Protoss Ground Weapons Level 1  
  100  10:00  Probe x2  
  100  10:01  Gateway x2, Probe  
  103  10:09  Stalker x2  
  103  10:10  Observer  
  103  10:12  Probe  
  108  10:20  Gateway  
  108  10:27  Pylon  
  108  10:30  Stalker  
  108  10:32  Probe  
  108  10:33  Probe  
  111  10:35  Probe  
  96  10:44  Probe  
  96  10:45  Probe  
  92  10:53  Stalker x3  
  92  10:55  Probe  
  91  11:00  Stalker x2  
  91  11:03  Shield Battery  
  95  11:07  Warp Prism  
  95  11:08  Charge  
  95  11:14  Stalker  
  95  11:16  Stalker x3  
  103  11:27  Stalker x2  
  107  11:32  Nexus  
  107  11:47  Stalker x3  
  107  11:48  Stalker  
  115  11:55  Pylon, Probe x3  
  115  11:58  Observer  
  110  12:09  Stalker x2  
  110  12:14  Gateway, Probe  
  110  12:15  Gateway  
  113  12:17  Probe x2  
  107  12:25  Observer  
  107  12:26  Probe  
  107  12:29  Probe x2  
  107  12:38  Probe, Photon Cannon, Zealot x4  
  107  12:41  Probe x2  
  107  12:44  Observer  
  119  12:50  Protoss Ground Weapons Level 2  
  119  12:51  Probe  
  120  12:53  Probe x2  
  120  12:54  Photon Cannon  
  122  13:03  Probe  
  123  13:06  Pylon, Nexus  
  123  13:08  Probe  
  123  13:11  Stalker  
  126  13:16  Dark Shrine  
  126  13:39  Probe x2  
  124  13:43  Pylon, Photon Cannon  
  124  13:46  Stalker x6  
  124  13:47  Shield Battery  
  136  13:53  Pylon  
  136  13:55  Pylon  
  136  13:57  Probe  
  136  14:02  Probe  
  134  14:16  Zealot x5  
  138  14:18  Probe  
  138  14:20  Probe x2  
  137  14:27  Immortal, Probe  
  132  14:31  Dark Templar x2  
  132  14:32  Dark Templar  
  132  14:34  Probe  
  143  14:39  Dark Templar x4  
  143  14:43  Archon x2  
  143  14:44  Probe  
  142  14:46  Probe x2  
  140  14:59  Shadow Stride  
  134  15:09  Stalker x4  
  134  15:12  Stalker x4  
  134  15:13  Probe x2  
  146  15:14  Probe  
  146  15:15  Probe  
  146  15:19  Immortal  
  152  15:25  Probe x2  
  152  15:26  Probe  
  154  15:33  Dark Templar  
  154  15:35  Zealot x6  
  168  15:37  Pylon  
  168  15:38  Probe  
  168  15:41  Pylon  
  169  15:44  Probe  
  169  15:45  Probe  
  167  15:56  Observer  
  157  15:58  Stalker x7  
  157  16:00  Probe x2  
  169  16:15  Observer  
  167  16:21  Zealot x4  
  172  16:31  Pylon  
  172  16:32  Observer  
  171  16:39  Nexus  
  170  16:41  Pylon  
  170  16:50  Nexus  
  170  16:51  Pylon  
  168  16:59  Dark Templar x4  
  176  17:03  Probe  
  177  17:08  Zealot x2  
  140  17:45  Stalker x4  
Show
View Real Time Build Order
Export as new Build Order

STZsOs Protoss - Winner!

Build Orders: 1 Gate Expand, Oracle Opening 

Get SALT Encoding   

  12  0:00  Probe  
  13  0:12  Probe  
  14  0:19  Pylon  
  14  0:24  Probe  
  15  0:33  Probe  
  15  0:37  Gateway  
  15  0:41  Probe  
  16  0:46  Assimilator  
  17  0:51  Probe  
  18  1:03  Probe  
  19  1:15  Probe  
  20  1:24  Cybernetics Core  
  20  1:33  Nexus  
  20  1:36  Probe  
  21  1:42  Pylon  
  21  1:48  Assimilator  
  21  1:50  Adept  
  21  1:51  Probe  
  24  2:01  Warp Gate  
  24  2:04  Probe  
  25  2:12  Adept  
  25  2:15  Pylon  
  25  2:16  Probe  
  28  2:30  Probe  
  28  2:36  Stargate  
  29  2:43  Adept  
  31  3:02  Gateway  
  31  3:10  Oracle, Stalker  
  29  3:16  Shield Battery  
  34  3:33  Gateway  
  32  3:40  Probe  
  32  3:41  Probe  
  34  3:48  Shield Battery  
  34  3:53  Sentry  
  36  3:57  Stalker  
  38  4:22  Pylon  
  37  4:26  Twilight Council  
  37  4:27  Probe  
  38  4:40  Adept x3  
  38  4:42  Pylon  
  38  4:44  Pylon  
  44  5:02  Pylon  
  44  5:08  Dark Shrine  
  44  5:15  Stalker  
  46  5:23  Stalker x2  
  46  5:26  Pylon  
  46  5:28  Probe  
  49  5:56  Nexus  
  47  5:57  Pylon  
  47  5:58  Probe  
  47  6:00  Stalker  
  46  6:10  Probe  
  47  6:20  Dark Templar x2  
  47  6:21  Shield Battery  
  51  6:30  Probe  
  52  6:35  Robotics Facility  
  49  6:54  Dark Templar  
  49  6:55  Probe  
  52  7:03  Pylon  
  52  7:07  Probe  
  53  7:09  Blink  
  53  7:16  Warp Prism  
  53  7:19  Probe  
  56  7:30  Probe  
  56  7:31  Probe  
  58  7:43  Probe  
  57  7:47  Immortal  
  57  7:50  Shield Battery, Stalker  
  57  7:55  Probe  
  57  7:58  Assimilator, Stalker  
  64  8:06  Stalker  
  64  8:12  Assimilator  
  66  8:29  Immortal  
  70  8:45  Forge  
  70  9:04  Gateway  
  70  9:05  Gateway  
  70  9:08  Immortal  
  74  9:11  Charge  
  74  9:18  Protoss Ground Weapons Level 1  
  74  9:27  Probe  
  75  9:40  Nexus  
  75  9:44  Pylon  
  75  9:47  Observer  
  76  9:59  Zealot  
  78  10:00  Immortal, Zealot x4  
  78  10:02  Shield Battery  
  86  10:11  Gateway  
  88  10:21  Dark Templar  
  90  10:29  Archon  
  90  10:30  Zealot x4  
  84  10:48  Immortal  
  80  10:56  Probe x2  
  78  10:57  Probe  
  78  10:58  Dark Templar  
  81  11:09  Probe x3, Protoss Ground Weapons Level 2  
  84  11:13  Templar Archives  
  84  11:16  Immortal  
  84  11:21  Probe x3  
  87  11:32  Dark Templar  
  93  11:33  Probe  
  93  11:38  Probe x2  
  96  11:44  Immortal  
  96  11:45  Probe  
  93  11:56  High Templar x4  
  93  11:57  Zealot  
  107  12:02  Archon  
  107  12:03  Archon  
  103  12:16  Immortal  
  103  12:22  Nexus  
  107  12:36  Zealot x6  
  117  12:47  Photon Cannon  
  117  12:51  Shield Battery  
  117  12:52  Pylon  
  117  12:53  Pylon  
  117  13:08  Immortal, Gateway  
  117  13:09  Gateway  
  117  13:11  Probe  
  117  13:12  Shield Battery  
  122  13:13  High Templar  
  122  13:14  Shield Battery, High Templar x3  
  122  13:16  Zealot  
  122  13:18  Protoss Ground Weapons Level 3  
  122  13:19  Photon Cannon  
  132  13:20  Archon x2  
  132  13:21  Photon Cannon  
  132  13:22  Pylon  
  132  13:23  Probe  
  132  13:25  Pylon  
  131  13:27  Pylon  
  128  13:41  Observer  
  126  13:46  Photon Cannon  
  126  13:48  Pylon, Stalker  
  133  13:50  Stalker  
  131  13:57  Stalker x3  
  136  14:09  Probe  
  133  14:13  Stalker x5  
  141  14:21  Dark Templar  
  141  14:28  Probe  
  141  14:31  Zealot x2  
  146  14:32  Probe  
  146  14:33  Probe  
  148  14:43  Probe  
  143  14:49  Pylon  
  143  14:52  Observer, Pylon  
  143  15:02  Dark Templar, Zealot x3  
  143  15:05  Observer  
  145  15:19  Photon Cannon  
  145  15:23  Observer  
  146  15:33  Zealot x6  
  158  15:36  Photon Cannon x2  
  158  15:38  Pylon  
  158  15:43  Immortal  
  148  15:57  Zealot x2  
  148  15:58  Zealot x6  
  162  16:04  Probe  
  163  16:16  Probe  
  164  16:22  Zealot x2  
  167  16:32  Observer  
  168  16:37  High Templar x2  
  172  16:41  Pylon  
  172  16:42  Pylon  
  172  16:44  Pylon, Archon  
  172  16:45  Pylon  
  172  17:01  Pylon  
  172  17:02  High Templar x2, Zealot x4  
  172  17:06  Archon  
  188  17:09  Zealot x2  
  188  17:25  Photon Cannon  
  181  17:31  Photon Cannon  
  176  17:38  Photon Cannon  
  176  17:40  Shield Battery  
  176  17:41  Shield Battery, Photon Cannon  
  164  17:48  Pylon  
  159  18:11  Pylon  
  159  18:14  Observer  
  159  18:18  Pylon  
Tags
 
Add a new tag
Caveats
  • Supply blocks, unpowered buildings, or Contaminate may cause inaccurate times.
  • Supply counts are checked every 10 seconds.